 Dungeon Crawl Stone Soup version 0.27-a0-1232-gc6a4cbde82 (webtiles) character file.

Game seed: 15436444521922210245

233 freelancePsychic the Magician (level 5, -2/38 HPs)
             Began as a Demonspawn Wanderer on June 9, 2021.
             Slain by a kobold brigand
             ... wielding a +0 dagger
              (7 damage)
             ... in a sewer.
             The game lasted 00:06:15 (2283 turns).

freelancePsychic the Magician (Demonspawn Wanderer) Turns: 2283, Time: 00:06:15

Health: -2/38      AC:  4    Str: 16    XL:     5   Next: 75%
Magic:  12/12      EV: 11    Int: 12    God:
Gold:   74         SH:  0    Dex: 11    Spells: 12/14 levels left

rFire    . . .     SeeInvis .   c - +0 whip (elec)
rCold    . . .     Faith    .   (no shield)
rNeg     . . .     Spirit   .   h - +1 leather armour
rPois    .         Reflect  .   (helmet restricted)
rElec    .         Harm     .   (no cloak)
rCorr    .         Rampage  .   (no gloves)
Will     .....                  (no boots)
Stlth    +.........             i - amulet of regeneration
HPRegen  1.12/turn              (no ring)
MPRegen  0.13/turn              (no ring)

@: lethally poisoned (-2 -> -3), wereblooded (expiring), slowed, very slow
A: horns 1, foul stench 1, demonic magic 1
a: no special abilities


You were in a sewer.
You visited 1 branch of the dungeon, and saw 3 of its levels.
You also visited: Sewer.

You collected 74 gold pieces.

Inventory:

Hand Weapons
 a - a +2 dagger
 c - a +0 whip of electrocution (weapon)
 d - a +0 spear
Missiles
 j - 8 boomerangs of dispersal (quivered)
Armour
 e - a +0 robe
 h - a +1 leather armour (worn)
Jewellery
 i - an amulet of regeneration (around neck)
Scrolls
 b - 2 scrolls of blinking
 o - a scroll of identify {@r1}
Potions
 f - 2 potions of heal wounds {unknown}
 g - a potion of resistance {unknown}
 k - a potion of haste {@q3}
 l - 3 potions of curing {unknown}
 m - 2 potions of flight {unknown}
 n - a potion of might {unknown}


   Skills:
 - Level 2.0 Fighting
 + Level 3.9 Maces & Flails
 - Level 1.0 Armour
 - Level 1.7 Stealth
 - Level 5.0 Spellcasting
 - Level 3.0 Transmutations


You had 12 spell levels left.
You knew the following spells:

 Your Spells              Type           Power      Damage    Failure   Level
a - Wereblood             Tmut           10%        N/A       11%         2

Your spell library contained the following spells:

 Spells                   Type           Power      Damage    Failure   Level
 Beastly Appendage        Tmut           20%        N/A       7%          1
 Passwall                 Tmut/Erth      5%         N/A       21%         2
 Spider Form              Tmut/Pois      3%         N/A       36%         3
 Ice Form                 Ice/Tmut       6%         N/A       78%         4
 Hydra Form               Tmut           5%         N/A       89%         5


Dungeon Overview and Level Annotations

Branches:
Dungeon (3/15)              Sewer (1/1)

Altars:


Innate Abilities, Weirdness & Mutations

You have a pair of small horns on your head.
You may rarely emit foul miasma when damaged in melee.
Spells you cast may paralyse adjacent enemies.


Message History

You hit the kobold. Lightning courses through the kobold!
You kill the kobold!
You hear a splash.
You feel extremely sick. The kobold hits you but does no damage.
You hit the kobold.
You kill the kobold!
You hear a splash. x2
You feel very sick.
The kobold brigand hits you but does no damage.
You hit the kobold brigand.
The kobold brigand is lightly wounded.
You feel very sick.
The kobold brigand hits you with a +0 dagger.
* * * LOW HITPOINT WARNING * * *
You hit the kobold brigand.
The kobold brigand is moderately wounded.
You feel sick.
The kobold brigand hits you with a +0 dagger.
* * * LOW HITPOINT WARNING * * *
The kobold brigand hits you but does no damage.
You hit the kobold brigand but do no damage.
You headbutt the kobold brigand!
The kobold brigand is severely wounded.
You feel sick. The kobold brigand closely misses you.
You hit the kobold brigand.
The kobold brigand is severely wounded.
You feel sick. The kobold brigand closely misses you.
You hit the kobold brigand but do no damage.
Your headbutt misses the kobold brigand.
The kobold brigand is severely wounded.
You feel sick.
The kobold brigand hits you but does no damage.
The kobold brigand completely misses you.
You closely miss the kobold brigand.
The kobold brigand is severely wounded.
Your primal bloodlust is almost over.
You feel sick.
The kobold brigand hits you with a +0 dagger!
You die...

### ##..##### ....#...#
....#...##########
.........##......#
...............)@#
..P≈P≈.......≈.))K...?#
P≈≈≈≈†P≈≈≈...≈≈≈≈'.!∩!#
≈≈P≈≈≈≈P≈≈..PP≈≈≈#...!#
##≈≈≈≈##########≈######
≈≈≈≈≈≈≈≈≈≈≈≈≈≈≈≈≈≈≈
≈≈≈≈≈≈≈≈≈≈≈≈≈≈≈≈≈≈≈#
≈≈≈≈≈≈≈≈≈≈≈≈≈≈≈≈≈≈≈#
≈#######≈##############


You could see a kobold brigand.

Vanquished Creatures
  2 kobold brigands (Sewer)
  A centaur zombie (D:3)
  An adder (D:3)
  A worm (D:2)
  2 dart slugs (D:1)
  An orc (D:3)
  10 bats
  2 endoplasms
  A giant cockroach (D:2)
  6 goblins
  A hobgoblin (D:1)
  3 jackals (D:2)
  12 kobolds
  A quokka (D:3)
  6 ball pythons
  5 frilled lizards
  A rat (Sewer)
56 creatures vanquished.

Vanquished Creatures (others)
  A plant (Sewer)
1 creature vanquished.

Grand Total: 57 creatures vanquished

Notes
Turn   | Place    | Note
-------+----------+-------------------------------------------
     0 | D:1      | freelancePsychic the Demonspawn Wanderer began the quest
                  | for the Orb.
     0 | D:1      | freelancePsychic set off with the following items: a +2
                  | dagger, a scroll of blinking, a +0 spear, a +0 robe; and
                  | the following spells available to memorise: Passwall,
                  | Wereblood
     0 | D:1      | Reached XP level 1. HP: 16/16 MP: 6/6
   526 | D:1      | Reached skill level 1 in Maces & Flails
   526 | D:1      | Reached skill level 1 in Transmutations
   526 | D:1      | Gained mutation: You may rarely emit foul miasma when
                  | damaged in melee. [demonic ancestry]
   526 | D:1      | Reached XP level 2. HP: 18/22 MP: 8/8
   620 | D:1      | Learned a level 2 spell: Wereblood
  1733 | D:2      | Gained mutation: You have a pair of small horns on your
                  | head. [demonic ancestry]
  1733 | D:2      | Reached XP level 3. HP: 21/27 MP: 9/9
  1801 | D:2      | You fall into a shaft and drop 1 floor!
  2063 | D:3      | Reached XP level 4. HP: 23/33 MP: 11/11
  2066 | D:3      | Found a glowing drain.
  2079 | Sewer    | Entered a sewer
  2100 | Sewer    | Noticed a kobold brigand
  2117 | Sewer    | Killed a kobold brigand
  2118 | Sewer    | Gained mutation: Spells you cast may paralyse adjacent
                  | enemies. [demonic ancestry]
  2118 | Sewer    | Reached XP level 5. HP: 9/38 MP: 7/12
  2283 | Sewer    | Slain by a kobold brigand

Illustrated notes

Levels and vault maps discovered:
D:1:      dpeg_arrival_arbitrary_b, layout_loops_corners, minmay_domino_2
D:2:      layout_basic, minmay_box_of_dots
D:3:      layout_loops_corners, cheibrodos_sewer_entry_sluice
Sewer:    kennysheep_pipe_town

Skill      XL: |  1  2  3  4 |
---------------+-------------+-----
Maces & Flails | 1 2 3 |  3.9
Transmutations | 1 2 3 |  3.0
Fighting       | |  2.0
Armour         | |  1.0
Stealth        | |  1.7
Spellcasting   | |  5.0

Action                   |  1- 3 |  4- 6 || total
-------------------------+-------+-------++-------
Melee: Whip              |   125 |    66 ||   191
       Headbutt          |     7 |    10 ||    17
 Cast: Wereblood         |     3 |     2 ||     5
  Use: Scroll            |     4 |       ||     4
 Stab: Sleeping          |     1 |       ||     1
Armor: Robe              |    13 |       ||    13
       Leather armour    |    29 |    39 ||    68
Dodge: Dodged            |    73 |    62 ||   135

Table legend: (Time is in decaauts)
 A = Elapsed time spent in this place.
 B = Non-inter-level travel time spent in this place.
 C = Inter-level travel time spent in this place.
 D = Time resting spent in this place.
 E = Time spent auto-exploring this place.
 F = Levels seen in this place.
 G = Mean time per level.
                   A        B        C        D        E       F      G
               +--------+--------+--------+--------+--------+-----+--------+
         Total |   2303 |   2292 |     11 |      0 |   1668 |   4 |  575.8 |
       Dungeon |   2084 |   2073 |     11 |      0 |   1571 |   3 |  694.7 |
         Sewer |    218 |    218 |      0 |      0 |     97 |   1 |  218.0 |
               +--------+--------+--------+--------+--------+-----+--------+

Top non-repeatable levels by time:
     D:1: 1505 daAuts
     D:2: 300 daAuts
     D:3: 279 daAuts
   Sewer: 218 daAuts
